 Dungeon Crawl Stone Soup version 0.27-a0-1181-g5f64966fcc (webtiles) character file.

Game seed: 5208658105185029345

1013 leviel the Cleaver (level 8, -1/96 HPs)
             Began as a Minotaur Fighter on May 17, 2021.
             Succumbed to a hornet's poison
             ... on level 4 of the Dungeon.
             The game lasted 00:06:14 (3823 turns).

leviel the Cleaver (Minotaur Fighter)               Turns: 3823, Time: 00:06:15

Health: -1/96      AC: 24    Str: 21 (23) XL:     8   Next: 1%
Magic:  7/7        EV:  2    Int: 10 (11) God:
Gold:   160        SH: 10    Dex:  8 (10) Spells: 7/7 levels left

rFire    . . .     SeeInvis .   a - +0 war axe
rCold    . . .     Faith    .   c - +0 kite shield
rNeg     + + +     Spirit   .   (armour currently unavailable)
rPois    +         Reflect  .   (helmet currently unavailable)
rElec    .         Harm     .   (cloak currently unavailable)
rCorr    .         Rampage  .   (gloves currently unavailable)
Will     .....     NoTele   +   (boots currently unavailable)
Stlth    +.........             (no amulet)
HPRegen  0.26/turn              e - +6 ring of intelligence
MPRegen  0.10/turn              (no ring)

@: lethally poisoned (-1 -> -14), tree-form, hasted, very quick
A: stationary, stasis, torment immunity, boosted hp, (horns 2), (retaliatory
headbutt)
a: no special abilities


You were on level 4 of the Dungeon.
You were a tree.
You visited 1 branch of the dungeon, and saw 5 of its levels.

You collected 160 gold pieces.

Inventory:

Hand Weapons
 a - a +0 war axe (weapon)
Armour
 b - a +1 scale mail (melded)
 c - a +0 kite shield (worn)
 h - a +0 pair of gloves (melded)
Jewellery
 e - a +6 ring of intelligence (left branch)
 m - an amulet of regeneration
Scrolls
 d - a scroll of fear
 i - a scroll of silence {unknown}
 k - 2 scrolls of identify {unknown}
 l - a scroll of noise {unknown}
 n - a scroll of enchant armour {@r2}


   Skills:
 - Level 3.6 Fighting
 * Level 13.0 Axes
 - Level 3.6 Armour
 + Level 6.0 Shields


You had 7 spell levels left.
You didn't know any spells.
Your spell library contained the following spells:

 Spells                   Type           Power      Damage    Failure   Level
 Animate Skeleton         Necr           0%         N/A       77%         1
 Apportation              Tloc           0%         N/A       77%         1
 Corona                   Hex            0%         N/A       77%         1
 Pain                     Necr           0%         1d4       77%         1
 Summon Small Mammal      Summ           0%         N/A       77%         1
 Vampiric Draining        Necr           0%         2d6       98%         3
 Animate Dead             Necr           0%         N/A       100%        4
 Agony                    Necr           0%         N/A       100%        5


Dungeon Overview and Level Annotations

Branches:
Dungeon (5/15)
 Temple: D:4-7

Altars:
Ashenzari
Gozag
Kikubaaqudgha
Ru
Sif Muna

Shops:
D:1 ?


Innate Abilities, Weirdness & Mutations

You are a tree.
Your roots penetrate the ground, keeping you stationary.
You cannot be teleported.
You are immune to unholy pain and torment.
Your maximum health is greatly increased.
Your equipment is partially melded.
((You have a pair of horns on your head.))
((You reflexively headbutt those who attack you in melee.))


Message History

It was a potion of degeneration.
There was something very wrong with that liquid.
You feel weakened.
You feel dopey.
You feel clumsy.
* * * LOW HITPOINT WARNING * * *
You feel very sick. You block the hornet's attack.
The hornet barely misses you.
You closely miss the hornet. Your headbutt misses the hornet.
The hornet is heavily wounded.
* * * LOW HITPOINT WARNING * * *
You feel very sick.
The hornet stings you but does no damage.
It was a potion of lignification.
You turn into a tree.
Your +0 pair of gloves melds into your body.
Your +1 scale mail melds into your body.
Your roots penetrate the ground.
* * * LOW HITPOINT WARNING * * *
You feel very sick.
The hornet stings you but does no damage.
You block the hornet's attack.
You barely miss the hornet.
The hornet is heavily wounded.
You feel yourself speed up.
* * * LOW HITPOINT WARNING * * *
You feel very sick. You block the hornet's attack. The hornet stings you.
* * * LOW HITPOINT WARNING * * *
You are more poisoned.
You barely miss the hornet.
The hornet is heavily wounded.
* * * LOW HITPOINT WARNING * * *
You feel very sick.
The hornet stings you but does no damage.
You miss the hornet.
The hornet is heavily wounded.
* * * LOW HITPOINT WARNING * * *
You feel very sick.
The hornet stings you but does no damage.
You barely miss the hornet.
The hornet is heavily wounded.
You die...

#.##.#.##
#######.#...#.##
#...............
#.####..#.....## #.#
#.#.##.#..# #.#
##.###.#..## #.#
#..........
#####.####.###.#....
#.y♣.......# #.##.##
#.###.####.###.##.#
#.##...###..##.##.##
#...###.###.##......
##..# #.# #.##......
#.(###.# #.###.#...
#.#...## #.# #.###.
#.#.### ##.# #.# #.
#.#.# ##..# #.# #.


You could see a hornet.

Vanquished Creatures
  Grinder (D:3)
  A water moccasin (D:4)
  An ice beast (D:4)
  2 ogres
  A water moccasin skeleton (D:4)
  A hound (D:5)
  3 orc priests
  A bullfrog skeleton (D:5)
  Terence (D:3)
  2 orc wizards (D:4)
  A howler monkey skeleton (D:4)
  3 adders
  2 worms
  A dart slug (D:3)
  16 orcs
  6 ball pythons
  5 endoplasms
  6 giant cockroaches
  5 goblins
  8 hobgoblins
  4 quokkas
  4 bats
  2 frilled lizards
  5 kobolds
  5 rats
87 creatures vanquished.

Notes
Turn   | Place    | Note
-------+----------+-------------------------------------------
     0 | D:1      | leviel the Minotaur Fighter began the quest for the Orb.
     0 | D:1      | Reached XP level 1. HP: 19/19 MP: 0/0
   170 | D:1      | Reached skill level 3 in Axes
   193 | D:1      | Found Domneifa's Magic Scroll Boutique.
   261 | D:1      | Reached XP level 2. HP: 26/26 MP: 1/1
   648 | D:1      | Reached skill level 4 in Axes
   878 | D:1      | Found a faded altar of an unknown god.
   890 | D:1      | Reached skill level 11 in Axes
   890 | D:1      | Reached XP level 3. HP: 31/31 MP: 2/2
   916 | D:2      | Reached XP level 4. HP: 39/39 MP: 3/3
  1681 | D:3      | Found a broken altar of Ashenzari.
  1764 | D:3      | Noticed Terence
  1773 | D:3      | Killed Terence
  1774 | D:3      | Reached XP level 5. HP: 35/45 MP: 4/4
  1916 | D:3      | Found a shimmering blue altar of Sif Muna.
  1919 | D:3      | Found an opulent altar of Gozag.
  1919 | D:3      | Noticed Grinder
  1934 | D:3      | Paralysed by Grinder for 2 turns
  1936 | D:3      | Killed Grinder
  1937 | D:3      | Reached skill level 12 in Axes
  1937 | D:3      | Reached XP level 6. HP: 45/51 MP: 5/5
  2272 | D:3      | Found an ancient bone altar of Kikubaaqudgha.
  2272 | D:3      | Found a sacrificial altar of Ru.
  2335 | D:4      | Noticed an ice beast
  2354 | D:4      | Killed an ice beast
  2661 | D:4      | Reached skill level 5 in Shields
  2661 | D:4      | Reached XP level 7. HP: 40/57 MP: 6/6
  3466 | D:5      | Entered Level 5 of the Dungeon
  3487 | D:5      | Noticed a hornet
  3515 | D:4      | HP: 2/57 [poisoned by a water moccasin]
  3813 | D:5      | Reached skill level 13 in Axes
  3813 | D:5      | Reached XP level 8. HP: 53/64 MP: 7/7
  3821 | D:4      | HP: 4/96 [poisoned by a hornet]
  3822 | D:4      | HP: 1/96 [poisoned by a hornet]
  3823 | D:4      | Succumbed to a hornet's poison

Illustrated notes

Levels and vault maps discovered:
D:1:      dpeg_chamrin_arrival_tetris, layout_basic,
          ebering_ecumenical_altar_hall, serial_shops, shop
D:2:      layout_basic
D:3:      layout_rooms, gammafunk_temple_overflow_elements,
          grunt_temple_overflow_open, evilmike_ruin_ashenzari, uniq_terence,
          uniq_grinder
D:4:      layout_loops_ring
D:5:      layout_cave_pools, lemuel_temple_firewalk_b, serial_shops, shop,
          minmay_curled_crystal

Skill      XL: |  1  2  3  4  5  6  7 |
---------------+----------------------+-----
Axes           | 3 11 12 13 | 13.0
Shields        | 4 5 6 |  6.0
Fighting       | |  3.6
Armour         | |  3.6

Action                   |  1- 3 |  4- 6 |  7- 9 || total
-------------------------+-------+-------+-------++-------
Melee: War axe           |    57 |    87 |    59 ||   203
       Headbutt          |     9 |    17 |     9 ||    35
  Use: Potion            |     2 |     1 |     3 ||     6
       Scroll            |       |     5 |       ||     5
Armor: Scale mail        |    18 |    24 |    19 ||    61
       Skin              |       |       |     3 ||     3
Dodge: Dodged            |    16 |    16 |    16 ||    48
Block: Kite shield       |    33 |    34 |    24 ||    91

Table legend: (Time is in decaauts)
 A = Elapsed time spent in this place.
 B = Non-inter-level travel time spent in this place.
 C = Inter-level travel time spent in this place.
 D = Time resting spent in this place.
 E = Time spent auto-exploring this place.
 F = Levels seen in this place.
 G = Mean time per level.
                   A        B        C        D        E       F      G
               +--------+--------+--------+--------+--------+-----+--------+
         Total |   3871 |   3755 |    116 |    518 |   2676 |   5 |  774.2 |
       Dungeon |   3871 |   3755 |    116 |    518 |   2676 |   5 |  774.2 |
               +--------+--------+--------+--------+--------+-----+--------+

Top non-repeatable levels by time:
     D:4: 1456 daAuts
     D:1: 939 daAuts
     D:2: 746 daAuts
     D:3: 687 daAuts
     D:5: 41 daAuts
